 Dungeon Crawl Stone Soup version 0.22.0-6-g71bd7aa (webtiles) character file.

316 Azzok the Chopper (level 6, -3/37 HPs)
             Began as a Gargoyle Fighter on Aug 15, 2018.
             Slain by a gnoll
             ... wielding a +0 halberd
              (7 damage)
             ... on level 3 of the Dungeon.
             The game lasted 00:04:50 (2570 turns).

Azzok the Chopper (Gargoyle Fighter)                Turns: 2570, Time: 00:04:51

Health: -3/37      AC: 13    Str: 21    XL:     6   Next: 44%
Magic:  6/6        EV:  5    Int:  9    God:
Gold:   125        SH: 10    Dex:  9    Spells: 5/5 levels left

rFire    . . .     SeeInvis .   a - +1 war axe
rCold    . . .     Gourm    .   c - +1 shield
rNeg     + . .     Faith    .   e - +0 chain mail
rPois    ∞         Spirit   .   (no helmet)
rElec    +         Reflect  .   (no cloak)
rCorr    .         Harm     .   (no gloves)
MR       .....                  (no boots)
Stlth    ..........             (no amulet)
HPRegen  0.12/turn              (no ring)
MPRegen  0.10/turn              (no ring)

@: no status effects
A: negative energy resistance 1, electricity resistance, unbreathing,
petrification resistance, rot immunity, AC +4
a: no special abilities


You were on level 3 of the Dungeon.
You were not hungry.

You visited 1 branch of the dungeon, and saw 3 of its levels.

You collected 125 gold pieces.

Inventory:

Hand Weapons
 a - a +1 war axe (weapon)
Armour
 c - a +1 shield (worn)
 e - a +0 chain mail (worn)
Scrolls
 b - a scroll of teleportation
 i - a scroll of enchant weapon
 j - 2 scrolls of immolation
 k - 2 scrolls of enchant armour
 n - a scroll of blinking {unknown}
 o - a scroll of magic mapping {unknown}
Potions
 d - a potion of might
 g - a potion of ambrosia {unknown}
 m - a potion of invisibility {unknown}
 p - 3 potions of curing {unknown}
Comestibles
 f - 5 rations


   Skills:
 - Level 3.2 Fighting
 + Level 6.0 Axes
 - Level 3.2 Armour
 - Level 3.2 Shields


You had 5 spell levels left.
You didn't know any spells.
Your spell library was empty.

Dungeon Overview and Level Annotations

Branches:
Dungeon (3/15)

Altars:


Innate Abilities, Weirdness & Mutations

You are resistant to torment.
Your stone body is resilient. (AC +4)
You are immune to poison.
You resist negative energy. (rN+)
You are resistant to electric shocks. (rElec)
You can survive without breathing.
You are immune to petrification.
You are immune to rotting.


Message History

The gnoll hits you from afar with a halberd.
You see here a dagger.
You are too injured to fight recklessly!
You are too injured to fight recklessly!
You are too injured to fight recklessly!
You are too injured to fight recklessly!
You closely miss the gnoll. The gnoll hits you but does no damage.
The gnoll hits you from afar with a halberd.
* * * LOW HITPOINT WARNING * * *
All of the chunks of flesh in your inventory have rotted away.
You slash the gnoll!
The gnoll is severely wounded.
The gnoll hits you with a halberd!
* * * LOW HITPOINT WARNING * * *
The gnoll hits you but does no damage.
You hit the gnoll.
The gnoll is almost dead.
The gnoll barely misses you.
The gnoll hits you from afar with a halberd!
You die...

▒▒▒▒▒▒▒
▒·····▒▒
▒·▒▒▒··▒▒
▒▒▒·▒
▒▒··▒
▒▒▒···▒
▒▒·▒▒
▒·<·▒▒▒
▒··▒▒▒
▒·▒▒▒
▒▒···▒▒
▒·▒
▒▒▒@·▒
▒·▒ ▒▒g▒
▒▒)▒▒▒▒


og▒ ▒▒)·▒··▒▒▒ ▒o▒ ·)·▒·····▒▒▒ ·· ▒▒▒▒·▒▒▒···▒ ··· ▒·▒ ▒▒▒<▒ ··· ▒·▒ ▒▒▒·▒▒▒▒··
···▒ ▒▒▒·▒▒▒·········· You could see 2 gnolls and 2 orcs.

Vanquished Creatures
  2 orc priests (D:3)
  An orc wizard (D:3)
  Terence (D:2)
  Robin (D:2)
  5 adders
  5 gnolls
  An ooze (D:3)
  2 worms (D:3)
  3 dart slugs
  A leopard gecko (D:1)
  8 orcs
  3 giant cockroaches
  13 goblins
  5 hobgoblins
  5 jackals
  2 ball pythons
  2 bats
  6 frilled lizards
  9 kobolds
  6 rats
81 creatures vanquished.

Notes
Turn   | Place    | Note
-------+----------+-------------------------------------------
     0 | D:1      | Azzok the Gargoyle Fighter began the quest for the Orb.
     0 | D:1      | Reached XP level 1. HP: 14/14 MP: 1/1
    75 | D:1      | Reached skill level 2 in Axes
   107 | D:1      | Reached XP level 2. HP: 18/19 MP: 2/2
   432 | D:1      | Reached skill level 3 in Axes
   537 | D:1      | Reached XP level 3. HP: 23/23 MP: 3/3
  1472 | D:2      | Noticed Terence
  1493 | D:2      | Killed Terence
  1493 | D:2      | Reached skill level 4 in Axes
  1493 | D:2      | Reached XP level 4. HP: 28/28 MP: 4/4
  1539 | D:2      | Noticed Robin
  1560 | D:2      | Killed Robin
  1737 | D:2      | Reached XP level 5. HP: 31/32 MP: 5/5
  1891 | D:2      | Reached skill level 5 in Axes
  2291 | D:3      | Reached XP level 6. HP: 35/37 MP: 6/6
  2435 | D:3      | Reached skill level 6 in Axes
  2570 | D:3      | Slain by a gnoll

Skill      XL: |  1  2  3  4  5  6 |
---------------+-------------------+-----
Axes           | 2 3 4 5 6 |  6.0
Fighting       | |  3.2
Armour         | |  3.2
Shields        | |  3.2

Action                   |  1- 3 |  4- 6 || total
-------------------------+-------+-------++-------
Melee: War axe           |   152 |   177 ||   329
  Use: Scroll            |       |     6 ||     6
  Eat: Chunk             |     2 |     4 ||     6
Armor: Chain mail        |    91 |   106 ||   197
       Scale mail        |     6 |       ||     6
Dodge: Dodged            |    37 |    33 ||    70
Block: Shield            |    73 |    99 ||   172
